[Event "*** Titled Tuesday Blitz"]
[Site "Chess.com"]
[Date "2020.04.07"]
[Round "5"]
[White "Misi_95"]
[Black "Hanging_pointer"]
[Result "0-1"]
[WhiteElo "2695"]
[BlackElo "2528"]
[TimeControl "180+1"]
[EndTime "13:57:26 PDT"]
[Termination "Hanging_pointer won by resignation"]

1. e4 c6 2. Nc3 d5 3. Nf3 Bg4 4. h3 Bxf3 5. Qxf3 dxe4 6. Nxe4 Nd7 7.
g3 Ngf6 8. Bg2 Nxe4 9. Qxe4 Nf6 10. Qe2 e6 11. O-O Be7 12. b4 a6 13. Rb1 O-O 14. a4 Qd7 15. b5 axb5 16. axb5 Nd5 17. bxc6 bxc6 18. Bb2 Rfb8 19. Be5 Rxb1 20. Rxb1 h6 21. Kh2 Bf6 22. Bxf6 Nxf6 23. d3 Nd5 24. Qe5 Rc8 25. c4 Nf6 26. d4 Rd8 27. Rb6 Qxd4 28. Qxd4 Rxd4 29. Rxc6 Rd2 30. Kg1 Rd1+ 31. Kh2 Rd2 32. f3 Rc2 33. g4 g5 34. Kg3 Nd7 35. Bf1 Ne5 36. Rc5 Nd7 37. Rc8+ Kg7 38. h4 Kf6 39. hxg5+ hxg5 40. Bd3 Rc3 41. Be4 Ke5 42. Rc7 Nb6 43. Rxf7 Nxc4 44. Rg7 Nd2 45. Ba8 Kf6 46. Rg8 Rc2 47.
Kf2 Nc4+ 48. Kg3 Nd2 49. Kf2 Nc4+ 50. Ke1 Ne5 51. Be4 Rb2 52. Rf8+ Ke7 53. Ra8 Kf6 54. Kf1 Nc4 55. Kg1 Ke5 56. Rf8 Kd4 57. Rf6 Nd2 58. Rxe6 Ke3 59. Bd5+ Kf4 60. Rf6+ Kg3 0-1

[Event "*** Titled Tuesday Blitz"]
[Site "Chess.com"]
[Date "2020.04.07"]
[Round "5"]
[White "nurgyulsalimova"]
[Black "GM-AndreyOrlov"]
[Result "1/2-1/2"]
[WhiteElo "2562"]
[BlackElo "2711"]
[TimeControl "180+1"]
[EndTime "13:57:27 PDT"]
[Termination "Game drawn by repetition"]

1. d4 d6 2. Nf3 Bg4 3. Nbd2 Nd7 4.
e3 Ngf6 5. Be2 e6 6. O-O Be7 7. c4 O-O 8. b3 c5 9. Bb2 a6 10. h3 Bh5 11. Rc1 Qc7 12. Qc2 Rac8 13. Qb1 Rfd8 14.
Rfd1 Bg6 15. Qa1 Bf8 16. dxc5 dxc5 17. Nf1 Ne4 18. Nh4 Nd6 19. Nxg6 hxg6 20. Ng3 Nf5 21. Ne4 b6 22. Rd2 e5 23. Rcd1 f6 24. Nc3 Nb8 25. Nd5 Qf7 26. Nxb6 Rxd2 27. Rxd2 Re8 28. Bf3 e4 29.
Bg4 Nc6 30. Qd1 Nb4 31. Bc3 Nd3 32. Be2 Ne5 33. Bxe5 Rxe5 34. Rd7 Re7 35. Rxe7 Qxe7 36. Qd5+ Kh7 37. Nd7 Qd6 38. Nxf8+ Qxf8 39. Qxe4 Qd8 40. Qd5 Qa5 41. Bd3 Qe1+ 42. Kh2 Qxf2 43. Bxf5 gxf5 44.
Qxc5 Kg6 45. Qd4 Qxa2 46. b4 Qb3 47. c5 Qc2 48. Qd6 Qc1 49. c6 Kh7 50. c7 f4 51.
Qxf4 Qc6 52. Qh4+ Kg8 53. Qg3 Kf7 54. Qf4 Kg8 55. h4 Kf7 56. h5 Ke7 57. Qg3 Kf7 58. Qg6+ Kf8 59. Qg3 Kf7 60. Kh3 Qd7+ 61. Kh2 Qc6 1/2-1/2

[Event "*** Titled Tuesday Blitz"]
[Site "Chess.com"]
[Date "2020.04.07"]
[Round "5"]
[White "DDTerziev04"]
[Black "dopolian"]
[Result "0-1"]
[WhiteElo "2247"]
[BlackElo "2496"]
[TimeControl "180+1"]
[EndTime "13:57:27 PDT"]
[Termination "dopolian won on time"]

1. e4 e5 2. Nf3 Nc6 3. Bc4 Bc5 4. O-O Nf6 5. d3 O-O 6. Nbd2 d6 7. c3 a5 8. Bb3 Ba7 9. h3 Ne7 10. Re1 Ng6 11.
Nf1 Be6 12. Bc2 c6 13. d4 h6 14. dxe5 dxe5 15. Be3 Bxe3 16. Nxe3 Qb6 17. b3 a4 18. b4 Rfd8 19. Qc1 Qb5 20. a3 Nf4 21. Qb2 Nd3 22.
Bxd3 Rxd3 23. c4 Qa6 24. Nxe5 Rb3 25. Qc2 Rd8 26. Red1 Qb6 27. c5 Qc7 28. N5c4 Rxd1+ 29. Rxd1 Qe7 30. Nd6 Rxa3 31. e5 Nd5 32. Nec4 Rc3 33.
Qd2 a3 34. Ne3 Rb3 35. Nec4 Rxb4 36. Qd3 a2 37. Ra1 Rb1+ 38. Rxb1 axb1=Q+ 39. Qxb1 Nc3 40. Qb3 Nd5 41. Qxb7 Qxb7 42. Nxb7 Ne7 43. Nbd6 Bd5 44. Nb6 Kf8 45. Nd7+ Kg8 46. f4 Ng6 47. g3 Nf8 48. Nb6 Ne6 49. Nxd5 cxd5 50. c6 Nc7 51. Kf2 Kf8 52.
Ke3 Ke7 53. Nf5+ Kf8 0-1

[Event "*** Titled Tuesday Blitz"]
[Site "Chess.com"]
[Date "2020.04.07"]
[Round "5"]
[White "swimmerchess"]
[Black "LiemLe"]
[Result "1-0"]
[WhiteElo "2831"]
[BlackElo "2956"]
[TimeControl "180+1"]
[EndTime "13:57:28 PDT"]
[Termination "swimmerchess won by resignation"]

1. e4 e5 2. Nf3 Nc6 3. Bb5 a6 4.
Ba4 Nf6 5. O-O b5 6. Bb3 Bc5 7. a4 Rb8 8. c3 d6 9. d4 Bb6 10. a5 Ba7 11. h3 O-O 12. Be3 Ra8 13. Nbd2 h6 14. Re1 Re8 15. Nf1 exd4 16. cxd4 Rxe4 17.
Ng3 Re6 18. d5 Rxe3 19. fxe3 Ne7 20. Kh2 Nf5 21. Nxf5 Bxf5 22. Nd4 Be4 23. Nc6 Qe8 24. Nxa7 Qe5+ 25. Kg1 Rxa7 26. Qd4 Qxd4 27. exd4 Kf8 28. Rac1 Bxd5 29. Bxd5 Nxd5 30. Kf2 Ne7 31. Rc3 c6 32. d5 c5 33. Rce3 g6 34. g4 c4 35. h4 Nxd5 36. Re8+ Kg7 37. Rd8 Nf6 38. g5 hxg5 39. hxg5 Nh7 40. Rg1 b4 41. Rxd6 c3 42. bxc3 bxc3 43. Rc6 Rd7 44. Rxa6 c2 45. Rc1 Rc7 46. Rb6 Nxg5 47.
Rb2 Ne4+ 48. Ke3 Nd6 49. Rbxc2 Re7+ 50. Kd4 Nf5+ 51. Kc5 Ne3 52. Rc3 f5 53. a6 f4 54.
Ra1 Rc7+ 55. Kd4 Ra7 56. Rb3 Kf6 57. Ra4 Kf5 58. Rb7 Ra8 59. a7 Rd8+ 60. Kc3 f3 61.
Rf7+ Kg5 62. Rxf3 Nd5+ 63. Kb3 Nb6 64. Ra6 Na8 65. Rg3+ Kf5 66. Rgxg6 Ke5 67. Rg7 Kd5 68. Rb7 Kc5 69. Rb8 Rd3+ 70. Kc2 1-0

[Event "*** Titled Tuesday Blitz"]
[Site "Chess.com"]
[Date "2020.04.07"]
[Round "5"]
[White "GMNeiksans"]
[Black "JustWatch000"]
[Result "1/2-1/2"]
[WhiteElo "2831"]
[BlackElo "2593"]
[TimeControl "180+1"]
[EndTime "13:57:28 PDT"]
[Termination "Game drawn - insufficient material"]

1. e4 c5 2. Nf3 e6 3. g3 Nf6 4.
e5 Ng4 5. d4 cxd4 6. h3 Nxe5 7.
Nxd4 Nbc6 8. Bg2 Nxd4 9. Qxd4 Nc6 10. Qd3 d5 11. O-O Be7 12. Nd2 O-O 13. c4 Bf6 14.
cxd5 Nb4 15. Qb3 Nxd5 16. Ne4 Be7 17. Rd1 Qb6 18. Qxb6 axb6 19. Nc3 Nxc3 20. bxc3 Bf6 21. Be3 Bxc3 22. Rac1 Bf6 23. Rc2 e5 24. Bxb6 Bf5 25. Re2 Be6 26. Rdd2 Ra6 27. Bc5 Rb8 28. Bd6 Rd8 29.
Bxe5 Rxd2 30. Rxd2 Rxa2 31. Rxa2 Bxa2 32. Bxf6 gxf6 33. Bxb7 Be6 34. Kg2 Kg7 35. h4 f5 36.
Kf3 h6 37. Ke3 Kf6 38. f3 Ke5 39. f4+ Kd6 40. Kd4 f6 41. Bf3 Bd7 42. Bd5 Bc8 43. Bg2 Bd7 44. Kc4 Be8 45. Kb4 Bd7 46. Kc4 Be8 47.
Kd4 Bd7 48. Bf3 Bc8 49. Bd1 Bd7 50. Bc2 Bc8 51. Kc4 Bd7 52. Kb4 Kd5 53. Kc3 Kc5 54.
Kd3 Kd5 55. Ke3 Kc5 56. Bb3 Bc8 57. Bf7 Bd7 58. Bg6 Bc8 59. g4 fxg4 60. f5 Bb7 61. Kf4 Bf3 62. Bh5 Kd4 63. Bxg4 Bxg4 64. Kxg4 Ke4 65.
Kh5 Kxf5 66. Kxh6 Kg4 67. h5 f5 68. Kg6 f4 69. h6 f3 70. h7 f2 71. h8=Q f1=Q 72. Qh5+ Kg3 73. Qg5+ Kf2 74. Qf5+ Kg1 75. Qxf1+ Kxf1 1/2-1/2

[Event "*** Titled Tuesday Blitz"]
[Site "Chess.com"]
[Date "2020.04.07"]
[Round "5"]
[White "talman67"]
[Black "Man-Chuk"]
[Result "0-1"]
[WhiteElo "2533"]
[BlackElo "2761"]
[TimeControl "180+1"]
[EndTime "13:57:28 PDT"]
[Termination "Man-Chuk won by resignation"]

1. e4 c5 2. Nf3 d6 3. d4 cxd4 4. Nxd4 Nf6 5. Nc3 a6 6. h3 e5 7. Nb3 h5 8. Bg5 Be6 9. Be2 Nbd7 10. a4 Rc8 11. a5 Be7 12. O-O Rxc3 13. bxc3 Nxe4 14.
Bxe7 Qxe7 15. Bf3 Ndc5 16. Nxc5 Nxc5 17. Bxh5 Ne4 18. Bf3 Ng5 19. Bd5 Nxh3+ 20. gxh3 Bxh3 21. Qf3 Rh4 22. Qxf7+ Qxf7 23. Bxf7+ Kxf7 24. Rab1 Bxf1 25. Rxb7+ Ke6 26. Kxf1 Ra4 27. Rxg7 Rxa5 28. Ke2 Kd5 29. Kd3 Ra4 30. f3 Rf4 31. Ke3 a5 32. Ra7 a4 33.
Ra5+ Kc6 34. Ra6+ Kc5 35. Ra5+ Kb6 36. Ra8 Kb5 37. Rb8+ Kc4 38. Rc8+ Kd5 39. Ra8 Rh4 40. Kd3 Ke6 41. c4 Rf4 42. Rxa4 Rxf3+ 43. Ke2 Rh3 44. Ra6 Rc3 45. Rc6 Kd7 46. Ra6 Rxc4 47.
Kd3 Rd4+ 48. Ke3 Ke6 49. c3 Rh4 50. Ra8 Kd5 51. Kd3 Rh3+ 52. Kc2 Ke4 53. Ra6 d5 54.
Rd6 Rh2+ 55. Kb3 Rd2 56. Re6 Kf5 57. Kb4 Kxe6 0-1

[Event "*** Titled Tuesday Blitz"]
[Site "Chess.com"]
[Date "2020.04.07"]
[Round "5"]
[White "Yaacovn"]
[Black "pooh2012"]
[Result "0-1"]
[WhiteElo "2719"]
[BlackElo "2474"]
[TimeControl "180+1"]
[EndTime "13:57:28 PDT"]
[Termination "pooh2012 won by resignation"]

1. d4 Nf6 2. Nf3 e6 3. e3 c5 4. Bd3 b6 5. O-O Bb7 6. c3 Be7 7. Nbd2 O-O 8. Qe2 d6 9. e4 Re8 10. e5 Nfd7 11. exd6 Bxd6 12. Ne4 Be7 13. Nfg5 Nf8 14.
Qh5 g6 15. Qh6 cxd4 16. Rd1 Nc6 17. Bf4 Qd5 18. c4 Qd8 19. h4 e5 20. Bg3 Bf6 21.
Nxf6+ Qxf6 22. Ne4 Qg7 23. Qg5 Re6 24. c5 h6 25. Qd2 f5 26. Nd6 Kh7 27. h5 e4 28.
hxg6+ Qxg6 29. Nxb7 exd3 30. cxb6 axb6 31. Qxd3 Rae8 32.
Rac1 f4 33. Qxg6+ Nxg6 34. Bxf4 Nxf4 35. Kf1 d3 36. g3 Ne2 37. Rc4 Ne5 38. Re4 Nc6 39.
Rxe6 Rxe6 40. Rxd3 Ned4 41. b4 b5 42. Nc5 Re7 43.
a3 Ra7 44. Kg2 Nc2 45. Rd6 Ne7 46. Ne6 Nxa3 47. Nd4 Rb7 48. Kh3 Nc4 49. Re6 Nd5 50. Nf5 Nxb4 51. Rxh6+ Kg8 52. Rg6+ Kf7 53. Rh6 Ke8 54.
f4 Nd5 55. Rh5 Ne7 56. Nxe7 Rxe7 57. Rxb5 Nd6 58. Rd5 Nf7 59. Kg4 Rd7 60. Ra5 Kf8 61. Kh5 Kg7 62. g4 Rd3 63. g5 Rh3+ 64. Kg4 Rh1 65.
Ra7 Rc1 66. Rb7 Rc4 67. Rb5 Rd4 68. Kf5 Nd6+ 69. Ke5 Nxb5 70. f5 Kf7 71. g6+ Kg7 72. Ke6 Rd6+ 73. Ke7 Rf6 74. Ke8 Nd6+ 0-1

[Event "*** Titled Tuesday Blitz"]
[Site "Chess.com"]
[Date "2020.04.07"]
[Round "5"]
[White "WPWPWP-2015"]
[Black "english_player_89"]
[Result "1-0"]
[WhiteElo "2404"]
[BlackElo "2498"]
[TimeControl "180+1"]
[EndTime "13:57:28 PDT"]
[Termination "WPWPWP-2015 won by resignation"]

1. e4 e5 2. Nf3 Nc6 3. Bc4 Bc5 4. O-O Nf6 5. d3 d6 6. c3 a6 7. Nbd2 Ba7 8. h3 h6 9. a4 O-O 10. Re1 b5 11. Ba2 b4 12. Nf1 a5 13. Ne3 Rb8 14. Bc4 Be6 15. Nh2 bxc3 16. bxc3 Bxe3 17. Rxe3 Bxc4 18. dxc4 Ne7 19. Qe2 Ng6 20. Rf3 Nd7 21. Ng4 Nc5 22. g3 Qd7 23. Bxh6 Qc6 24. Re1 gxh6 25. Nxh6+ Kh7 26. Nf5 Rh8 27. Re3 Qd7 28.
Qh5+ Kg8 29. Qg4 Qe6 30. h4 Kf8 31. h5 Rg8 32. hxg6 fxg6 33. Nh6 Qxg4 34. Nxg4 Nxa4 35. Ra1 Nc5 36. Rxa5 Kf7 37. Nxe5+ dxe5 38. Rxc5 Rb7 39. Rxe5 Re8 40. Rd5 Rb6 41. Rf3+ Ke7 42. Kg2 Rc6 43.
c5 Re6 44. Re3 c6 45. Rd4 Re5 46. Rd6 g5 47. Rxc6 Rd8 48. f4 Re6 49. Rxe6+ Kxe6 50. fxg5 Rc8 51. Kf3 Rxc5 52. e5 Rd5 53. g6 Rd8 54. c4 Kf5 55. e6 Kxg6 56. e7 Re8 57. c5 Kf7 58. Kf4 Rxe7 59. Rxe7+ Kxe7 60. Ke5 Kd7 61. g4 Kc7 62. g5 Kc6 63. g6 Kxc5 1-0

[Event "*** Titled Tuesday Blitz"]
[Site "Chess.com"]
[Date "2020.04.07"]
[Round "5"]
[White "LilRag"]
[Black "JozefKneht"]
[Result "1-0"]
[WhiteElo "2379"]
[BlackElo "2568"]
[TimeControl "180+1"]
[EndTime "13:57:28 PDT"]
[Termination "LilRag won by resignation"]

1. Nf3 d5 2. e3 Nf6 3. d4 e6 4. Bd3 Be7 5. O-O c5 6. dxc5 Bxc5 7. a3 a5 8. c4 O-O 9. Nc3 Nc6 10. Qe2 d4 11. exd4 Nxd4 12. Nxd4 Bxd4 13. Nb5 Bc5 14. Bf4 Bd7 15. Rad1 Qe7 16. Nd6 Bc6 17. Ne4 Nxe4 18. Bxe4 Rfd8 19. Rxd8+ Rxd8 20. Bxc6 bxc6 21. Rd1 Bd4 22. h3 c5 23. Be5 f6 24. Bxd4 cxd4 25.
Qe4 e5 26. f4 Qc5 27. fxe5 fxe5 28. Qd3 a4 29. Rf1 h6 30. Kh1 Qc6 31. Re1 Qc5 32.
Rf1 Kh8 33. Rf5 e4 34. Qxe4 Qxc4 35. Qe7 Rg8 36. Rf8 d3 37. Rxg8+ Kxg8 38. Qe8+ Kh7 39.
Qe3 Qd5 40. Qd2 Qe4 41. Kg1 Kg6 42. Kf2 Kf5 43. Qe3 Qc4 44. g4+ Kf6 45. Qf3+ Ke7 46. Qb7+ Kd6 47. Qb6+ Kd5 48. Qb7+ Ke6 49. Qb6+ Ke5 50.
Qe3+ Qe4 51. Qc5+ Kf4 52. Qf8+ Kg5 53. Qxg7+ Kf4 54. Qxh6+ Ke5 55. Qg5+ Kd4 56. Qd8+ Kc4 57. Qc7+ Kd5 58. Qb7+ Kd4 59. Qxe4+ Kxe4 60. Ke1 1-0

[Event "*** Titled Tuesday Blitz"]
[Site "Chess.com"]
[Date "2020.04.07"]
[Round "5"]
[White "joshdaruca"]
[Black "chessintuit"]
[Result "0-1"]
[WhiteElo "2757"]
[BlackElo "2620"]
[TimeControl "180+1"]
[EndTime "13:57:29 PDT"]
[Termination "chessintuit won by resignation"]

1. e4 e5 2. Nf3 Nc6 3. Bb5 a6 4. Ba4 Nf6 5. O-O Be7 6. Re1 b5 7. Bb3 d6 8. c3 O-O 9. h3 Bb7 10. d4 Nd7 11. Nbd2 exd4 12. cxd4 Bf6 13. Nf1 Na5 14.
Bc2 Re8 15. b3 c5 16. Bb2 Nc6 17. N1h2 Rc8 18. Ng4 Bxd4 19. Nxd4 Nxd4 20. f3 d5 21. Nf2 dxe4 22. Bxe4 Bxe4 23. Nxe4 Ne5 24. Rc1 f5 25.
Bxd4 Qxd4+ 26. Qxd4 cxd4 27. Nd6 Rxc1 28. Rxc1 Rd8 29. Nxf5 g6 30. Ng3 d3 31. Ne4 a5 32.
Kf1 a4 33. Ke1 d2+ 34. Nxd2 Nd3+ 35. Kd1 Nxc1 36. Kxc1 axb3 37. Nxb3 Ra8 38. Kb2 Re8 39.
Nd4 Rd8 40. Nxb5 Rd2+ 41. Kb3 Rxg2 42. a4 Rg3 43. Nd4 Rxh3 44. a5 Rh1 45. f4 Ra1 46. Kb4 h5 47. Nc2 Rb1+ 48. Kc4 h4 49. a6 Rb6 50.
Nb4 Rxa6 51. Nxa6 h3 52. Nb4 h2 53. Nd3 h1=Q 54. Kd4 Qf3 55. Ne5 Qxf4+ 56. Kd5 Qf5 57. Kd4 g5 58. Nc6 Qf4+ 59. Kd5 Qf3+ 60. Kd6 Qxc6+ 61. Kxc6 g4 62. Kd5 g3 63. Ke4 g2 64. Kf3 g1=Q 65. Ke2 Qg3 66. Kd2 Qf3 0-1

[Event "*** Titled Tuesday Blitz"]
[Site "Chess.com"]
[Date "2020.04.07"]
[Round "5"]
[White "RD4ever"]
[Black "IMUltimateBeast"]
[Result "1/2-1/2"]
[WhiteElo "2844"]
[BlackElo "2634"]
[TimeControl "180+1"]
[EndTime "13:57:31 PDT"]
[Termination "Game drawn by repetition"]

1. e4 c5 2. Nf3 e6 3. d4 cxd4 4. Nxd4 Nf6 5. Nc3 Nc6 6. Ndb5 d6 7. Bf4 e5 8. Bg5 a6 9. Na3 b5 10. Nd5 Be7 11. Bxf6 Bxf6 12. c3 O-O 13. Nc2 Bg5 14. a4 bxa4 15. Rxa4 a5 16. Bc4 Rb8 17. Ra2 Ne7 18.
Nce3 Bxe3 19. Nxe3 Kh8 20. b3 f5 21. exf5 Nxf5 22.
Nd5 Bb7 23. O-O Rc8 24. Qd3 Rc5 25. Rd1 Qh4 26. Re2 a4 27. Re4 Qg5 28. bxa4 Bc6 29. Bb3 Nh4 30. Qg3 Qxg3 31. hxg3 Nf5 32. Rb4 Bxd5 33.
Bxd5 Rxc3 34. Ra1 Nd4 35. Rc4 Rxc4 36. Bxc4 Rc8 37. Bf1 Nb3 38. Rd1 g5 39. Rxd6 Kg7 40. Rd7+ Kf6 41. Bd3 Nc5 42. Rd6+ Ke7 43. Rd5 Nxd3 44.
Rxd3 Rc1+ 45. Kh2 Ra1 46. Rd5 Ke6 47. Ra5 Ra2 48. f3 h5 49. Kh3 Kf5 50. Ra8 g4+ 51.
fxg4+ hxg4+ 52. Kh2 e4 53. a5 e3 54. Re8 e2 55. a6 Rxa6 56. Rxe2 Kg5 57. Kg1 Ra1+ 58. Kf2 Rb1 59. Re5+ Kf6 60. Rd5 Rb3 61. Rd2 Kf5 62. Re2 Kf6 63. Re3 Rb2+ 64. Re2 Rb3 65. Re4 Kf5 66.
Rf4+ Kg5 67. Re4 Rb2+ 68. Re2 Rb3 69. Re3 Rb2+ 70. Re2 Rb3 71. Re3 Rb2+ 72. Re2 1/2-1/2

[Event "*** Titled Tuesday Blitz"]
[Site "Chess.com"]
[Date "2020.04.07"]
[Round "5"]
[White "Nancy11111"]
[Black "moro182"]
[Result "1-0"]
[WhiteElo "2394"]
[BlackElo "2678"]
[TimeControl "180+1"]
[EndTime "13:57:33 PDT"]
[Termination "Nancy11111 won by resignation"]

1. e4 e5 2. Nf3 Nc6 3. Bb5 a6 4. Ba4 Nge7 5. O-O g6 6. d4 exd4 7. Nxd4 Bg7 8. c3 O-O 9. Bc2 d6 10. Be3 Ne5 11. Nd2 b5 12. h3 c5 13. Ne2 Bb7 14.
Kh1 f5 15. f4 Nd7 16. Ng3 Nf6 17. exf5 Qd7 18. Nf3 Rad8 19. fxg6 hxg6 20. Qd2 Nfd5 21. Rae1 Nxe3 22. Qxe3 Nd5 23. Qd2 Nxf4 24. Be4 d5 25. Bc2 d4 26. cxd4 cxd4 27. Be4 d3 28. Kh2 Bxe4 29.
Rxe4 Qc7 30. Rfe1 Ne2 31. R1xe2 dxe2 32. Qxe2 Rf7 33. Ng5 Rf5 34. Ne6 Qd6 35. Nxd8 Rg5 36. Re8+ Kh7 37. Qf3 Be5 38. Rxe5 Qxe5 39. Nf7 Qe7 40.
Nxg5+ Qxg5 41. Qb7+ Kh6 42. Qxa6 Qe5 43. a4 b4 44. b3 Qc3 45. Qe6 Qc5 46. Qe4 Qc3 47. Qc4 Qe1 48. a5 Qe5 49. a6 Qa5 50. Qh4+ Kg7 51.
Qe7+ Kh6 52. a7 g5 53. Qb7 g4 54. a8=Q 1-0

[Event "*** Titled Tuesday Blitz"]
[Site "Chess.com"]
[Date "2020.04.07"]
[Round "5"]
[White "ajkom197"]
[Black "Vuk2000"]
[Result "0-1"]
[WhiteElo "2317"]
[BlackElo "2638"]
[TimeControl "180+1"]
[EndTime "13:57:33 PDT"]
[Termination "Vuk2000 won on time"]

1. c4 e5 2. g3 Nc6 3. Bg2 g6 4. Nc3 Bg7 5. d3 d6 6. e4 Be6 7. Nge2 Qd7 8. O-O Bh3 9. Be3 Bxg2 10. Kxg2 Nge7 11. a3 O-O 12. b4 f5 13. f3 f4 14.
Bg1 fxg3 15. hxg3 g5 16. Nd5 Ng6 17. Be3 h6 18. Qd2 Rf7 19. Rh1 Nd8 20. Raf1 Ne6 21. d4 Raf8 22. c5 c6 23. Ndc3 exd4 24. Nxd4 Ne5 25. Nxe6 Qxe6 26. Qxd6 Qb3 27. Bd4 Rd7 28.
Bxe5 Rxd6 29. Bxd6 Qxc3 30. Bxf8 Kxf8 31. Rd1 Qc2+ 32.
Kh3 Qb3 33. Kg4 Qe6+ 34. Kh5 g4 35. Rhf1 gxf3 36. Rxf3+ Kg8 37. Rf4 Qe5+ 38. Kg4 h5+ 39. Kh3 Qe6+ 40. Kh4 Kh7 41. Rd6 Qe7+ 42. Kxh5 Be5 43.
Rh6+ Kg8 44. Rg6+ Kh7 45. Rh6+ Kg8 46. Rg6+ Bg7 47. Rfg4 Qf7 48. Kh4 Qa2 49. Rxg7+ Kf8 50. Rxb7 Qh2+ 51. Kg5 Qa2 52. Rf4+ Kg8 53. Rff7 Qe2 54. g4 Qxe4 55. Rfc7 Qe5+ 56. Kh4 Qf6+ 57. Kh5 Qe5+ 58. Kg6 Qe6+ 0-1

[Event "*** Titled Tuesday Blitz"]
[Site "Chess.com"]
[Date "2020.04.07"]
[Round "5"]
[White "annamaja"]
[Black "Vyacheslav_N"]
[Result "1/2-1/2"]
[WhiteElo "2261"]
[BlackElo "2439"]
[TimeControl "180+1"]
[EndTime "13:57:33 PDT"]
[Termination "Game drawn by repetition"]

1. e4 d5 2. exd5 Qxd5 3. Nc3 Qd6 4. d4 Nf6 5. Nf3 a6 6. g3 b5 7. Bg2 Bb7 8. O-O e6 9. Bf4 Qd8 10. Ne5 Nd5 11. Ne4 Nxf4 12. gxf4 Nd7 13. Nxf7 Qe7 14. Nxh8 O-O-O 15. Qh5 g6 16. Qg5 Qg7 17. Nc5 Bxg2 18. Kxg2 Nxc5 19. dxc5 Qxh8 20. Rad1 Re8 21. c6 Bd6 22. Rfe1 Qf8 23. Re4 Qf7 24. a4 b4 25.
Qa5 Kd8 26. Qxa6 Qf5 27. Qc4 Ke7 28. Rde1 Qg4+ 29. Kf1 Qh3+ 30. Ke2 Kf7 31. Re3 Qg4+ 32. Kd2 Bxf4 33. Qe2 Bxe3+ 34. fxe3 Rd8+ 35. Kc1 Qxe2 36. Rxe2 Rd6 37. Rf2+ Ke7 38. e4 Rxc6 39. e5 Rc5 40. Rf4 Ra5 41. Rxb4 Rxe5 42. Rc4 Kf6 43. b4 h5 44. h4 g5 45. hxg5+ Rxg5 46. a5 Rg4 47. Rc5 h4 48. c3 Kg6 49. a6 h3 50.
a7 Rg1+ 51. Kb2 h2 52. a8=Q h1=Q 53. Qg8+ Kf6 54. Qf8+ Kg6 55. Qg8+ Kf6 56. Qf8+ Kg6 57.
Qe8+ Kf6 58. Qd8+ Kg6 59. Qd3+ Kf6 60. Qd4+ Kg6 61. Qd3+ Kf6 62. Qd4+ Kg6 63. Qd3+ 1/2-1/2

[Event "*** Titled Tuesday Blitz"]
[Site "Chess.com"]
[Date "2020.04.07"]
[Round "5"]
[White "KuzubovYuriy"]
[Black "Anton_Demchenko"]
[Result "1/2-1/2"]
[WhiteElo "2821"]
[BlackElo "2961"]
[TimeControl "180+1"]
[EndTime "13:57:34 PDT"]
[Termination "Game drawn by stalemate"]

1. e4 e5 2. Nf3 Nc6 3. Bb5 a6 4. Bxc6 dxc6 5. d3 Bd6 6. Nbd2 c5 7. Nc4 f6 8. Nh4 Ne7 9. Qh5+ g6 10. Qh6 Kf7 11. Qd2 Be6 12. g3 Nc6 13. c3 Be7 14. Qe2 Qd7 15. f4 exf4 16. gxf4 Bg4 17. Qc2 Rad8 18. Ne3 f5 19. Nhg2 Qxd3 20. Qxd3 Rxd3 21. Nxg4 fxg4 22. Ke2 Rh3 23. Be3 Re8 24. Rad1 Rd8 25.
Rxd8 Nxd8 26. Bf2 Ne6 27. Bg3 h5 28. f5 Ng5 29. Nf4 Nxe4 30. fxg6+ Kg7 31. Nxh3 gxh3 32. Bxc7 Kxg6 33. Ke3 Nf6 34. Be5 Ng4+ 35. Kf4 Bg5+ 36.
Kg3 Nxe5 37. Rd1 b5 38. Rd5 Nc4 39. Rxc5 Nxb2 40. Rc6+ Kf5 41. Rxa6 Nd1 42. Kxh3 Nxc3 43. Ra8 Bf6 44. Kg2 Ke6 45. Kf3 Kf5 46. Ra6 Be5 47.
Rb6 Bd4 48. Rb7 Be5 49. h3 Nxa2 50. Rxb5 Nc3 51. Rb7 Nd5 52. Kg2 Nf4+ 53. Kg3 Ng6+ 54. Kg2 Nh4+ 55. Kh1 Kf4 56. Rb4+ Kg5 57. Rxh4 Kxh4 58.
Kg2 Bf4 59. Kh1 Kxh3 60. Kg1 Kg3 61. Kh1 Be3 1/2-1/2

[Event "*** Titled Tuesday Blitz"]
[Site "Chess.com"]
[Date "2020.04.07"]
[Round "5"]
[White "enriquetejedor"]
[Black "W_Amadeus"]
[Result "1-0"]
[WhiteElo "2588"]
[BlackElo "2738"]
[TimeControl "180+1"]
[EndTime "13:57:34 PDT"]
[Termination "enriquetejedor won on time"]

1. e4 e5 2. Nf3 Nc6 3. Bb5 Nf6 4.
O-O Nxe4 5. Re1 Nd6 6. Nxe5 Be7 7. Bf1 Nxe5 8. Rxe5 O-O 9. d4 Ne8 10. Bf4 d5 11.
Bd3 c6 12. Re1 Bd6 13. Bxd6 Nxd6 14. c3 Qf6 15. Nd2 Bd7 16. Nf3 Bg4 17. Be2 Bxf3 18.
Bxf3 Rfe8 19. Qd3 h6 20. b3 a5 21. a4 Qg5 22. g3 Rxe1+ 23. Rxe1 Re8 24. Rxe8+ Nxe8 25. c4 dxc4 26. bxc4 Qc1+ 27. Kg2 Qa1 28. d5 cxd5 29.
Bxd5 Qxa4 30. Qf5 Nf6 31. Qc8+ Qe8 32. Qxb7 a4 33. Bc6 Qe2 34. Qa8+ Kh7 35. Bxa4 Qxc4 36.
Qa5 Qe4+ 37. Kg1 Qb1+ 38. Kg2 Qe4+ 39. Kf1 Qb1+ 40. Ke2 Qe4+ 41. Kd2 Qg2 42. Bc2+ g6 43. Qc5 Kg7 44. h4 h5 45. Qd4 Qc6 46. Kd1 Qa6 47.
Qd3 Qa5 48. Qd2 Qb6 49. Qe2 Qd6+ 50. Ke1 1-0

[Event "*** Titled Tuesday Blitz"]
[Site "Chess.com"]
[Date "2020.04.07"]
[Round "5"]
[White "MusicCityMaster"]
[Black "picturesquecheck"]
[Result "1/2-1/2"]
[WhiteElo "2317"]
[BlackElo "2140"]
[TimeControl "180+1"]
[EndTime "13:57:34 PDT"]
[Termination "Game drawn - insufficient material"]

1. d4 Nf6 2. c4 e6 3. g3 d5 4. Bg2 Bb4+ 5. Bd2 Be7 6. Nf3 O-O 7.
Qc2 c6 8. O-O b6 9. Rd1 Bb7 10.
Bf4 Nbd7 11. Nbd2 Rc8 12. e4 c5 13. cxd5 exd5 14. e5 Ne4 15. Qa4 a6 16. Nxe4 dxe4 17.
Nd2 b5 18. Qb3 cxd4 19. Nxe4 Bxe4 20. Bxe4 Nc5 21. Qf3 Nxe4 22. Qxe4 Bc5 23. Be3 Qe7 24. Bxd4 Bxd4 25. Rxd4 Rc5 26. Re1 Rfc8 27. Kg2 g6 28. h4 Rc2 29. Re2 Rxe2 30. Qxe2 Qc5 31. Re4 Qc6 32. Kh2 Rd8 33. e6 fxe6 34. Rxe6 Qc5 35.
Re7 Rf8 36. Qe6+ Kh8 37. Rf7 Rxf7 38. Qxf7 Qc8 39. h5 gxh5 40. Qxh5 Qe6 41. Qf3 Qxa2 42. Qf8+ Qg8 43. Qf6+ Qg7 44. Qxa6 Qxb2 45. Qc8+ Kg7 46. Qd7+ Kg6 47. Qe6+ Qf6 48. Qe4+ Qf5 49. Qe8+ Qf7 50. Qe3 b4 51. Qe4+ Qf5 52. Qxb4 Qxf2+ 53. Kh3 Qf1+ 54. Kh2 Qf2+ 55. Kh3 Qf5+ 56. Qg4+ Qxg4+ 57. Kxg4 h6 58. Kh4 Kf6 59. Kh5 Kg7 60. g4 Kh7 61. g5 hxg5 62.
Kxg5 1/2-1/2

[Event "*** Titled Tuesday Blitz"]
[Site "Chess.com"]
[Date "2020.04.07"]
[Round "5"]
[White "boasovietica"]
[Black "Mazetovic"]
[Result "1-0"]
[WhiteElo "2440"]
[BlackElo "2592"]
[TimeControl "180+1"]
[EndTime "13:57:35 PDT"]
[Termination "boasovietica won by resignation"]

1. e4 c5 2. Nf3 Nc6 3. Nc3 g6 4. Bb5 Bg7 5. Bxc6 bxc6 6. O-O e5 7.
a3 a5 8. d3 Ne7 9. Be3 d6 10. Ne2 O-O 11. c3 f5 12. b4 f4 13.
Bd2 axb4 14. axb4 Rxa1 15. Qxa1 cxb4 16. cxb4 Bg4 17. Kh1 Qd7 18. Neg1 h6 19. Bc3 g5 20. d4 Bxf3 21. gxf3 Ng6 22. Rd1 Qe6 23. d5 cxd5 24.
Rxd5 g4 25. fxg4 f3 26. h3 Nf4 27. Ra5 h5 28. Qa2 d5 29. exd5 Qh6 30. d6+ Kh8 31. Bxe5 hxg4 32. Bxg7+ Qxg7 33. Qa1 gxh3 34. Qxg7+ Kxg7 35. Nxf3 Ne6 36. Ne5 Rxf2 37. d7 Rd2 38.
Ra6 Kf6 39. Nc6 Rd1+ 40. Kh2 Rxd7 41. Kxh3 Rd3+ 42. Kg2 Nf4+ 43. Kf2 Kf5 44. b5 Kg4 45. b6 Rf3+ 46. Ke1 Rb3 47. Na5 Rb2 48. Kd1 Kf3 49.
b7 Ng2 50. Rd6 Ne3+ 51. Kc1 Rd2 52. Rxd2 Ke4 53. Rb2 Nc4 54. b8=Q Ne5 55. Rb4+ Ke3 56. Qb5 Nd3+ 57. Kb1 Ne1 58. Rb3+ Kf2 59. Qc5+ Ke2 60. Qe5+ Kf2 61. Rb2+ Kf1 62. Qf4+ 1-0

[Event "*** Titled Tuesday Blitz"]
[Site "Chess.com"]
[Date "2020.04.07"]
[Round "5"]
[White "Dare-Dare"]
[Black "VALPARAISO37"]
[Result "1-0"]
[WhiteElo "2160"]
[BlackElo "2314"]
[TimeControl "180+1"]
[EndTime "13:57:35 PDT"]
[Termination "Dare-Dare won by checkmate"]

1. Nf3 d5 2. c4 e6 3. e3 Nf6 4. Nc3 a6 5. b3 b6 6. Bb2 Bb7 7.
d4 Nbd7 8. Bd3 Bd6 9. O-O O-O 10. Rc1 Re8 11. Na4 c5 12. Qe2 dxc4 13. bxc4 Ne4 14.
Nc3 f5 15. Nd2 Qh4 16. g3 Ng5 17. d5 Qh3 18. f4 Nf7 19. e4 fxe4 20. Ndxe4 exd5 21.
Nxd5 b5 22. Rce1 h6 23. Qc2 Bxd5 24. cxd5 c4 25. Qc3 Bf8 26. Bb1 Qg4 27. Qf3 Qxf3 28.
Rxf3 Nc5 29. Rfe3 Na4 30. Bd4 Kh8 31. Kg2 Nd8 32. Nc3 Rxe3 33. Rxe3 Nxc3 34. Bxc3 Nb7 35. Re6 Nc5 36. Rc6 Kg8 37. Kf3 Nd3 38. Bxd3 cxd3 39.
Ke3 Rd8 40. Kd4 d2 41. Bxd2 Be7 42. Ke4 b4 43. Rxa6 Bd6 44. Rb6 Re8+ 45. Kd3 Bf8 46. Bxb4 Ra8 47. Bxf8 Kxf8 48. Rb2 Ra4 49. Rd2 Ke7 50.
Kc3 Kd6 51. Kb3 Ra8 52. Kc4 Ra4+ 53. Kb3 Ra8 54. a4 Rb8+ 55. Kc4 Rc8+ 56. Kd4 Ra8 57. Ra2 Ra5 58. Ke4 Rxd5 59. a5 Rc5 60. a6 Rc8 61.
a7 Ra8 62. Kf5 Ke7 63. Kg6 Kf8 64. g4 Kg8 65. Ra6 Kf8 66. h4 Kg8 67. Rb6 Rxa7 68. Rb8# 1-0